 Dungeon Crawl Stone Soup version 0.31.0-9-g3a7656b989 (webtiles) character file.

Game seed: 15719916200752412063

558 qw the Ducker (level 7, 0/35 HPs)
             Began as a Spriggan Hunter on Feb 2, 2024.
             Slain by a gnoll
             ... wielding a +3 halberd
             ... led by a gnoll sergeant
              (9 damage)
             ... on level 5 of the Dungeon.
             The game lasted 00:00:12 (3193 turns).

qw the Ducker (Spriggan Hunter)                     Turns: 3193, Time: 00:00:12

Health: 0/35       AC:  3    Str:  7    XL:     7   Next: 9%
Magic:  8/8        EV: 24    Int: 10    God:
Gold:   196        SH:  0    Dex: 26    Spells: 6/6 levels left

rFire   . . .        a - +2 shortbow (elec)
rCold   + . .        (shield currently unavailable)
rNeg    . . .        c - +0 robe
rPois   +            (helmet restricted)
rElec   .            f - +0 cloak
rCorr   .            (gloves unavailable)
SInv    +            (boots unavailable)
Will    +....        e - amulet "Xoneaq" {Acrobat rPois Dex+5}
Stlth   ++           j - ring of protection from cold
HPRegen 0.25/turn    (no ring)
MPRegen 0.11/turn

%: acrobat
@: very quick
A: very small, no large weapons, unfitting armour, see invisible, speed 3
a: no special abilities


You were on level 5 of the Dungeon.
You visited 1 branch of the dungeon, and saw 5 of its levels.

You collected 196 gold pieces.


Innate Abilities, Weirdness & Mutations

You are very small and have problems with some larger weapons.
You are too small for most types of armour.
You have supernaturally acute eyesight. (SInv)
You cover ground extremely quickly. (Speed+++)


   Skills:
 - Level 2.1 Fighting
 + Level 6.7 Ranged Weapons
 - Level 7.0 Dodging
 - Level 1.5 Stealth


You had 6 spell levels left.
You didn't know any spells.
Your spell library was empty.

Inventory:

Hand Weapons
 a - a +2 shortbow of electrocution (weapon)
Armour
 b - a +2 robe
 c - a +0 robe (worn)
 f - a +0 cloak (worn)
Jewellery
 e - the amulet "Xoneaq" (around neck) {Acrobat rPois Dex+5}
   (You found it on level 2 of the Dungeon)

   [amulet of the acrobat]

   Acrobat:   It increases your evasion while moving and waiting.
   Dex+5:     It affects your dexterity (+5).
   rPois:     It protects you from poison
 i - a ring of ice
 j - a ring of protection from cold (left hand)
Wands
 k - a wand of mindburst (11)

Dungeon Overview and Level Annotations

Branches:
Dungeon (5/15)
 Temple: D:4-7

Altars:
Dithmenos
Uskayaw

Annotations:
D:4 2 transporters


Message History

The gnoll completely misses you. The gnoll sergeant closely misses you.
You shoot an arrow. The arrow hits the gnoll sergeant.
The gnoll sergeant is lightly wounded.
The gnoll sergeant closely misses you. The gnoll completely misses you.
You shoot an arrow.
The arrow hits the gnoll sergeant but does no damage.
The gnoll sergeant is lightly wounded.
The gnoll closely misses you. The gnoll sergeant closely misses you.
You shoot an arrow. The arrow hits the gnoll sergeant.
The gnoll sergeant is moderately wounded.
The gnoll completely misses you. The gnoll sergeant misses you.
You shoot an arrow. The gnoll sergeant blocks the arrow.
The gnoll closely misses you.
The gnoll sergeant hits you from afar with a +0 spear.
You shoot an arrow. The arrow hits the gnoll sergeant.
The gnoll sergeant is moderately wounded.
The gnoll misses you.
The gnoll sergeant hits you from afar with a +0 spear!
You shoot an arrow. The gnoll sergeant blocks the arrow.
The gnoll sergeant barely misses you. The gnoll barely misses you.
You shoot an arrow. The arrow hits the gnoll sergeant!
The gnoll sergeant is severely wounded.
The gnoll completely misses you. The gnoll sergeant misses you.
You shoot an arrow.
The arrow hits the gnoll sergeant but does no damage.
The gnoll sergeant is severely wounded.
The gnoll sergeant misses you. The gnoll closely misses you.
You shoot an arrow.
The arrow hits the gnoll sergeant but does no damage.
The gnoll sergeant is severely wounded.
The gnoll hits you from afar with a +3 halberd.
The gnoll sergeant completely misses you.
You shoot an arrow.
The arrow closely misses the gnoll sergeant.
The gnoll sergeant closely misses you. The gnoll completely misses you.
The gnoll sergeant closely misses you. The gnoll completely misses you.
You shoot an arrow. The gnoll sergeant blocks the arrow.
The gnoll sergeant misses you.
The gnoll hits you from afar with a +3 halberd!
You die... #..##.# ##...#.# #.....)# #...... ..... .gg

#)# #@# #.# #+#
###(#### #.#
#......# #.#
#.#.##.# ##.#####
#.#.##.### ##.......
#.#......# #......##
#.####.#.####...#.##
#.####.#............


You could see a gnoll sergeant and a gnoll.

Vanquished Creatures
  An orc warrior (D:4)
  Blork the orc (D:5)
  A scorpion (D:5)
  2 hounds
  A sleepcap (D:5)
  2 iguanas (D:4)
  4 gnolls (D:5)
  5 adders
  A white imp (D:4)
  5 ribbon worms
  3 dart slugs
  4 orcs
  7 ball pythons
  8 bats
  12 endoplasms
  8 giant cockroaches
  8 goblins
  7 hobgoblins
  4 jackals
  A quokka (D:1)
  4 frilled lizards
  4 kobolds
  7 rats
100 creatures vanquished.

Notes
Turn   | Place    | Note
-------+----------+-------------------------------------------
     0 | D:1      | qw the Spriggan Hunter began the quest for the Orb.
     0 | D:1      | Reached XP level 1. HP: 10/10 MP: 2/2
     0 | D:1      | 0 ||| qw: Version: 0.3-a-155-g5e7d8dd
     0 | D:1      | 0 ||| qw: Game counter: 2646
     0 | D:1      | 0 ||| qw: Melee chars always use a shield: true
     0 | D:1      | 0 ||| qw: God list: Okawaru
     0 | D:1      | 0 ||| qw: Allow faded altars: false
     0 | D:1      | 0 ||| qw: Do Orc after clearing Dungeon:15 true
     0 | D:1      | 0 ||| qw: Do second Lair branch before Depths: true
     0 | D:1      | 0 ||| qw: Lair rune preference: random
     0 | D:1      | 0 ||| qw: Goals: Normal
     0 | D:1      | 0 ||| PLANNING D:1-11
    69 | D:1      | Reached skill level 3 in Dodging
    93 | D:1      | Reached XP level 2. HP: 14/14 MP: 3/3
   231 | D:1      | Reached skill level 4 in Dodging
   649 | D:1      | 649 ||| READING scroll labelled KETOYR RARCHISM.
   649 | D:1      | 649 ||| IDENTIFYING scroll labelled GAHA HOTOJEESI
   650 | D:1      | 650 ||| READING scroll labelled DORERAITOT.
   651 | D:1      | 651 ||| READING scroll labelled PILYL JA LOASI.
   651 | D:1      | 651 ||| BRANDING +0 shortbow.
   652 | D:1      | 652 ||| DROPPING scroll of butterflies.
   653 | D:1      | 653 ||| DROPPING scroll of poison.
   722 | D:2      | Reached XP level 3. HP: 18/18 MP: 4/4
   743 | D:2      | Identified the amulet "Xoneaq" {Acrobat rPois Dex+5}
   811 | D:2      | You fall into a shaft and drop 1 floor!
  1023 | D:3      | 1023 ||| UPGRADING to +0 cloak.
  1028 | D:3      | 1028 ||| UPGRADING to amulet "Xoneaq" {Acrobat rPois
                  | Dex+5}.
  1033 | D:3      | 1033 ||| READING 2 scrolls of identify.
  1033 | D:3      | 1033 ||| IDENTIFYING fuming coppery potion
  1034 | D:3      | 1034 ||| READING scroll of identify.
  1034 | D:3      | 1034 ||| IDENTIFYING dark potion
  1035 | D:3      | 1035 ||| READING scroll labelled OMARIETELI.
  1136 | D:3      | 1136 ||| DROPPING potion of invisibility.
  1159 | D:2      | Found the +8 trident of the Octopus King {venom, rElec
                  | rPois}
  1310 | D:2      | Reached XP level 4. HP: 22/22 MP: 5/5
  1471 | D:2      | 1471 ||| READING scroll labelled TYRROE ONLOYT.
  1474 | D:2      | 1474 ||| DRINKING 3 yellow potions.
  1475 | D:2      | 1475 ||| DROPPING 2 potions of brilliance.
  1595 | D:3      | Reached skill level 5 in Dodging
  1613 | D:3      | Found a shadowy altar of Dithmenos.
  1619 | D:3      | Found a hide-covered altar of Uskayaw.
  2192 | D:3      | 2192 ||| READING scroll labelled JIABAGINGO.
  2192 | D:3      | 2192 ||| ENCHANTING +0 shortbow of electrocution.
  2193 | D:3      | 2193 ||| READING scroll labelled ONUADICWEUTZ.
  2281 | D:4      | Found a transporter.
  2335 | D:4      | Reached skill level 6 in Dodging
  2335 | D:4      | Reached XP level 5. HP: 25/25 MP: 6/6
  2337 | D:4      | Noticed an orc warrior
  2338 | D:4      | 2338 ||| DRINKING potion of haste.
  2355 | D:4      | Killed an orc warrior
  2356 | D:4      | Reached XP level 6. HP: 30/30 MP: 7/7
  2399 | D:4      | Reached skill level 6 in Ranged Weapons
  2609 | D:4      | Found a transporter.
  2699 | D:4      | 2699 ||| DROPPING amulet of the acrobat.
  2700 | D:4      | 2700 ||| UPGRADING to ring of protection from cold.
  2701 | D:4      | 2701 ||| READING 2 scrolls of identify.
  2701 | D:4      | 2701 ||| IDENTIFYING orange potion
  2702 | D:4      | 2702 ||| READING scroll of identify.
  2702 | D:4      | 2702 ||| IDENTIFYING scroll labelled VECZEC PIUD
  2703 | D:4      | 2703 ||| READING 2 scrolls labelled ELEDGH PESEFET.
  2804 | D:4      | 2804 ||| DROPPING scroll of vulnerability.
  2805 | D:4      | 2805 ||| DROPPING scroll of revelation.
  2841 | D:5      | Entered Level 5 of the Dungeon
  2922 | D:5      | Noticed Blork the orc
  2926 | D:5      | 2926 ||| DRINKING potion of haste.
  2938 | D:5      | HP: 3/30 [Blork the orc/puff of flame (9)]
  2939 | D:5      | 2939 ||| DRINKING potion of heal wounds.
  2944 | D:5      | Killed Blork the orc
  2945 | D:5      | Reached skill level 7 in Dodging
  3091 | D:5      | 3091 ||| READING scroll of enchant weapon.
  3091 | D:5      | 3091 ||| ENCHANTING +1 shortbow of electrocution.
  3128 | D:5      | Reached XP level 7. HP: 29/35 MP: 8/8
  3193 | D:5      | Slain by a gnoll

Levels and vault maps discovered:
D:1:      ebering_hopf_link, layout_loops_ring, minivault_4,
          grunt_decor_one_mirror
D:2:      layout_basic
D:3:      layout_basic, nicolae_overflow_squiral
D:4:      gammafunk_wand_slinger, layout_basic, minmay_bent
D:5:      layout_loops_corners, uniq_blork_the_orc, uniq_prince_ribbit1

Skill      XL: |  1  2  3  4  5  6 |
---------------+-------------------+-----
Dodging        | 3 4 6 7 |  7.0
Ranged Weapons | 5 6 |  6.7
Fighting       | 2 |  2.1
Stealth        | |  1.5

Action                     |  1- 3 |  4- 6 |  7- 9 || total
---------------------------+-------+-------+-------++-------
   Fire: Shortbow          |    99 |   129 |    27 ||   255
    Use: Scroll            |     6 |     7 |       ||    13
         Potion            |       |     4 |       ||     4
 Armour: Robe              |     4 |    11 |     5 ||    20
  Dodge: Dodged            |    23 |    33 |    29 ||    85

Table legend:
 A = Non-vault XP
 B = Vault XP
 C = Vault XP percentage of total XP
 D = Non-vault monster count
 E = Vault monster count
 F = Vault count percentage of total count
                 A         B        C        D         E       F
            +---------+---------+-------+---------+---------+-------
      Total |     494 |     304 |  38.1 |      90 |      10 |  10.0
            +---------+---------+-------+---------+---------+-------
        D:1 |      35 |       0 |   0.0 |      19 |       0 |   0.0
        D:2 |      52 |       0 |   0.0 |      19 |       0 |   0.0
        D:3 |      41 |       0 |   0.0 |      22 |       0 |   0.0
        D:4 |     127 |     214 |  62.8 |      21 |       9 |  30.0
        D:5 |     239 |      90 |  27.4 |       9 |       1 |  10.0
            +---------+---------+-------+---------+---------+-------
